[Event "Turkish-ch Youth U18 Boys 2024"]
[Site "Belek Antalya"]
[Date "2024.01.21"]
[Round "1"]
[White "Engin, Onur Cinar"]
[Black "Kahya, Mehmet Yasar"]
[Result "1-0"]
[ECO "C50"]
[WhiteElo "2061"]
[BlackElo "1160"]
[Annotator "RC"]
[PlyCount "83"]
[EventDate "2024.01.21"]
[EventType "swiss"]
[EventCountry "TUR"]
[SourceTitle "playchess.com"]
[Source "ChessBase"]
[SourceQuality "1"]
[TimeControl "5400+30"]

1. e4 d6 2. d4 Nf6 3. Nc3 e5 4. Nf3 Nbd7 5. Bc4 Be7 6. O-O O-O 7. Re1 exd4 8. Nxd4 Ne5 9. Bf1 c5 10. Nde2 b5 11. Bg5 a6 12. Nf4 Bb7 13. Bxf6 Bxf6 14. Nfd5 Re8 15. Qd2 Be7 16. Rad1 Bf8 17. Qf4 b4 18. Ne2 Qa5 19. Nc1 Re6 20. Qd2 Rg6 21. Be2 Qd8 22. Nd3 Nxd3 23. Bxd3 Bxd5 24. exd5 Rh6 25. Re4 Qd7 26. Rde1 a5 27. R1e3 g6 28. Qe2 Rb8 29. Re8 Rxe8 30. Rxe8 Kg7 31. Bb5 Qc7 32. g4 Rh4 33. Kg2 h5 34. h3 hxg4 35. hxg4 Rh8 36. g5 Rh4 37. Kg3 Rh8 38. Qf3 Kh7 39. Bd3 Qd7 40. Bb5 Qxb5 41. Qxf7+ Bg7 42. Re1 1-0

[Event "Turkish-ch Youth U18 Boys 2024"]
[Site "Belek Antalya"]
[Date "2024.01.21"]
[Round "1"]
[White "Gunal, Yusuf Kursat"]
[Black "Kuru, Berkay Goktug"]
[Result "0-1"]
[ECO "D34"]
[WhiteElo "1801"]
[BlackElo "1280"]
[Annotator "NA RC COMBH"]
[PlyCount "73"]
[EventDate "2024.01.21"]
[EventType "swiss"]
[EventCountry "TUR"]
[SourceTitle "playchess.com"]
[Source "ChessBase"]
[SourceQuality "1"]
[TimeControl "5400+30"]

1. Nf3 Nf6 2. d4 d5 3. g3 e6 4. Bg2 c5 5. O-O Nc6 6. c4 Be7 7. cxd5 exd5 8. Nc3 O-O 9. dxc5 Bxc5 10. Bg5 d4 11. Bxf6 Qxf6 12. Ne4 Qe7 13. Nxc5 Qxc5 14. Rc1 Qb6 15. b3 Bg4 16. h3 Bh5 17. Rc4 Rad8 18. g4 Bg6 19. Qd2 Rfe8 20. Rd1 d3 21. e3 Be4 22. Rc3 f5 23. g5 Ne5 24. Nxe5 Rxe5 25. f4 Re7 26. Bf1 Red7 27. Kf2 Qg6 28. Bg2 Qh5 29. Rc4 Qh4+ 30. Kf1 Qg3 31. Bxe4 fxe4 32. Qf2 Qxh3+ 33. Ke1 d2+ 34. Rxd2 Qh1+ 35. Qf1 Qxf1+ 36. Kxf1 Rxd2 37. Rxe4 0-1

[Event "Turkish-ch Youth U18 Boys 2024"]
[Site "Belek Antalya"]
[Date "2024.01.21"]
[Round "1"]
[White "Akgun, Yusuf"]
[Black "Erdogan, Tekin Alp"]
[Result "0-1"]
[ECO "B22"]
[WhiteElo "1561"]
[BlackElo "1992"]
[Annotator "RC"]
[PlyCount "77"]
[EventDate "2024.01.21"]
[EventType "swiss"]
[EventCountry "TUR"]
[SourceTitle "playchess.com"]
[Source "ChessBase"]
[SourceQuality "1"]
[TimeControl "5400+30"]

1. e4 c5 2. c3 Nf6 3. e5 Nd5 4. d4 cxd4 5. Nf3 Nc6 6. cxd4 d6 7. Bc4 Nb6 8. Bb5 Bd7 9. O-O Nxe5 10. Bxd7+ Nexd7 11. Nc3 e6 12. Bf4 Be7 13. Nb5 Nf6 14. Rc1 O-O 15. Qd3 Nbd5 16. Bd2 Qd7 17. Rfe1 h6 18. a3 a6 19. Nc3 Rfc8 20. Be3 b5 21. Nd2 Nb6 22. Nce4 Nfd5 23. b3 f5 24. Nc5 dxc5 25. dxc5 Nxe3 26. Qxd7 Nxd7 27. c6 Ne5 28. Rxe3 Rxc6 29. Rce1 Ng4 30. Rxe6 Rxe6 31. Rxe6 Bxa3 32. h3 Nf6 33. Nf3 Bb2 34. Re7 a5 35. Nh4 a4 36. bxa4 bxa4 37. Nxf5 a3 38. Ne3 a2 39. Nc2 0-1

[Event "Turkish-ch Youth U18 Boys 2024"]
[Site "Belek Antalya"]
[Date "2024.01.21"]
[Round "1"]
[White "Ozdemir, Burak Kaan"]
[Black "Temizer, Umut"]
[Result "1/2-1/2"]
[ECO "B22"]
[WhiteElo "1390"]
[BlackElo "2071"]
[Annotator "RC"]
[PlyCount "120"]
[EventDate "2024.01.21"]
[EventType "swiss"]
[EventCountry "TUR"]
[SourceTitle "playchess.com"]
[Source "ChessBase"]
[SourceQuality "1"]
[TimeControl "5400+30"]

1. e4 c5 2. c3 Nf6 3. e5 Nd5 4. d4 cxd4 5. Nf3 Nc6 6. cxd4 d6 7. Bc4 e6 8. O-O Be7 9. Re1 O-O 10. a3 b6 11. Bxd5 exd5 12. Nc3 Be6 13. Bf4 dxe5 14. Nxe5 Nxe5 15. Bxe5 Qd7 16. Qf3 Rfe8 17. h3 f6 18. Bg3 Bf7 19. Re3 Bf8 20. Rae1 Rxe3 21. Rxe3 Rc8 22. Qe2 Rc4 23. Qd2 Qf5 24. Rf3 Qc8 25. Rf4 Bxa3 26. Nxd5 Bd6 27. Nxf6+ Kh8 28. Rg4 Bxg3 29. Rxg3 Qd8 30. Ng4 Rxd4 31. Qc3 Rc4 32. Rd3 Qc7 33. Qe1 Rc1 34. Rd1 Rxd1 35. Qxd1 a5 36. Qd4 Kg8 37. Ne5 Be6 38. Kh2 Kf8 39. g3 Ke7 40. Nf3 Kf8 41. Qe4 Bg8 42. Ng5 g6 43. Qd4 Qc5 44. Qf6+ Ke8 45. Ne4 Qe7 46. Qc6+ Kf8 47. Nd6 Qd8 48. Nc8 b5 49. Nd6 b4 50. Qc5 Qe7 51. Qd4 b3 52. Kg1 a4 53. Qf4+ Kg7 54. Qd4+ Kh6 55. h4 a3 56. Qd2+ Kg7 57. Qc3+ Kf8 58. Qc8+ Kg7 59. Qc3+ Kf8 60. Qc8+ Kg7 1/2-1/2

[Event "Turkish-ch Youth U18 Boys 2024"]
[Site "Belek Antalya"]
[Date "2024.01.21"]
[Round "1"]
[White "Kaderoglu, Ali Efe"]
[Black "Ozen, Metehan"]
[Result "0-1"]
[ECO "C45"]
[WhiteElo "1262"]
[BlackElo "2252"]
[Annotator "RC"]
[PlyCount "62"]
[EventDate "2024.01.21"]
[EventType "swiss"]
[EventCountry "TUR"]
[SourceTitle "playchess.com"]
[Source "ChessBase"]
[SourceQuality "1"]
[TimeControl "5400+30"]

1. e4 e5 2. Nf3 Nc6 3. d4 exd4 4. Nxd4 Nf6 5. Nxc6 bxc6 6. e5 Qe7 7. Qe2 Nd5 8. c4 Ba6 9. b3 g6 10. g3 Bg7 11. Bb2 O-O 12. Nd2 Nb4 13. Nf3 c5 14. Bg2 d5 15. O-O Rae8 16. Rfe1 dxc4 17. bxc4 Qe6 18. a3 Bxc4 19. Qe4 Nd3 20. Ng5 Qa6 21. Bc3 Nxe1 22. Rxe1 h6 23. Nf3 Be6 24. Bd2 Qxa3 25. Qh4 Bd5 26. Bxh6 Bxh6 27. Qxh6 Bxf3 28. Bxf3 Qxf3 29. e6 Rxe6 30. Rxe6 Qd1+ 31. Kg2 Qd5+ 0-1

[Event "Turkish-ch Youth U18 Boys 2024"]
[Site "Belek Antalya"]
[Date "2024.01.22"]
[Round "2"]
[White "Ozen, Metehan"]
[Black "Ersin, Deniz"]
[Result "1-0"]
[ECO "B07"]
[WhiteElo "2252"]
[BlackElo "1228"]
[Annotator "TA"]
[PlyCount "94"]
[EventDate "2024.01.21"]
[EventType "swiss"]
[EventCountry "TUR"]
[SourceTitle "playchess.com"]
[Source "ChessBase"]
[SourceQuality "1"]
[TimeControl "5400+30"]

1. e4 d6 2. d4 Nf6 3. Nc3 g6 4. Bg5 Bg7 5. Qd2 c6 6. O-O-O b5 7. f3 Qa5 {[%emt 0:09:30] B07: Pirc Defence: Miscellaneous Systems.} 8. a3 (8. Kb1 $5 ) 8... Nbd7 9. Kb1 Rb8 {[%emt 0:07:30] [#] Black has an edge.} 10. h4 $146 ({Predecessor:} 10. Na2 Qxd2 11. Bxd2 O-O 12. Bd3 c5 13. dxc5 Nxc5 14. Ne2 Bd7 15. Bc3 Ne8 16. Bxg7 Kxg7 {1-0 Kusa,J (2177)-Kushko,D (2283) UKR-CZE Online Battle rapid 2020}) 10... h6 11. Bf4 e5 12. dxe5 dxe5 13. Be3 Bf8 {[%emt 0:01:30] Prevents Qd6} 14. g4 {[%emt 0:08:30] White is more active.} Ba6 (14... Qc7 $16) 15. g5 $2 (15. Bxa7 b4 16. Bxb8 bxc3 $14) (15. Bh3 $18 {g5 would be deadly.} Qc7 16. g5) 15... hxg5 $11 16. Bxg5 (16. Bh3 $5 g4 $8 17. fxg4 (17. Bxg4 Rb7 $11) 17... Bxa3 18. g5 $15 (18. bxa3 $2 b4 $19)) 16... b4 17. Bh3 {[%emt 0:01:44][%cal Rd2d7] Intending Qxd7+ and mate.} Rd8 (17... Qc7 $1 $11 18. axb4 Bxb4) 18. Na2 $1 $40 {[%emt 0:00:47][%cal Ra2b4][%mdl 128] White is up to no good.} c5 19. f4 (19. Rh2 $5 Be7 20. Qe1 $14) 19... Be7 20. Nf3 Nb6 $2 (20... Qb6 $1 $14) 21. axb4 {[%emt 0:04:54] Qxd8+ is the strong threat.} cxb4 22. Qg2 (22. Qxd8+ $1 $18 Bxd8 23. Rxd8+ {[%mdl 64] Remove Defender} (23. fxe5 $2 Nfd7 $19) 23... Kxd8 24. Bxf6+ Ke8 25. Rd1 (25. Bxh8 exf4 26. h5 Be2 $16)) 22... b3 {[%emt 0:01:34][%mdl 64] Deflection} (22... Nxe4 23. Rxd8+ (23. Nxe5 Bb7 $17) 23... Bxd8 24. Bxd8 $16) (22... Bb7 $5 23. Rxd8+ (23. Nxe5 $2 Bxe4 24. Nc6 Rxd1+ 25. Rxd1 Bxg2 $19) 23... Bxd8 $11) 23. cxb3 {[%emt 0:02:14] Threatens to win with Rxd8+.} Bd3+ $2 {[%emt 0:01:04] [#]} (23... Nxe4 $2 24. Rxd8+ (24. fxe5 Bd3+ 25. Rxd3 Rxd3 $17) (24. Nxe5 Bb7 $11) 24... Bxd8 25. Bxd8 $18) (23... Rxd1+ $11 24. Rxd1 Bb7) 24. Rxd3 $1 $16 Rxd3 25. Nxe5 (25. b4 $1 $16 Qa6 26. Nxe5) 25... Rd6 $2 {[%emt 0:02:15] [#]} (25... Rxb3 $2 26. Be6 $18) (25... Rd2 $14 26. Qf3 (26. Nc6 Rxg2 27. Nxa5 Rg3 $11) 26... Qc5) 26. Nxg6 $2 fxg6 $4 (26... Rd2 $11 27. Qg1 (27. Nxh8 $2 {loses.} Rxg2 28. Bxg2 Qd2 $19) 27... Na4 28. bxa4 (28. Nxh8 Rxb2+ 29. Ka1 Rxa2+ 30. Kxa2 Qd2+ 31. Kb1 Qb2#) 28... Qxa4) 27. e5 $18 Rd2 28. Qc6+ Nfd7 29. Qxg6+ Kd8 30. Bxe7+ Kxe7 31. Qg7+ Kd8 32. Qxh8+ Kc7 33. Rc1+ Kb7 34. e6 Nc5 35. Qg7+ Ka6 36. b4 Qb5 37. Rxc5 Qd3+ 38. Ka1 Rd1+ 39. Nc1 Nc4 40. b5+ Ka5 41. Qc7+ ({And not} 41. Qxa7+ Kb4 42. Rxc4+ Qxc4 43. Qa3+ (43. Qe7+ Ka5 $11) 43... Kxb5 $11) 41... Kb4 {[%emt 0:00:24] [#]} 42. Rxc4+ $1 Qxc4 43. Qxc4+ (43. Qxa7 $2 Rxc1#) 43... Kxc4 44. Kb1 (44. f5 $142 Kc5 45. f6 Rxc1+ 46. Ka2 Kd6 47. e7 Re1 48. h5 Re5 49. h6) 44... Kxb5 45. f5 {[%emt 0:00:09][%cal Bf4f5,Bf5f6][%mdl 32] White mates.} Kc6 46. f6 Kd6 47. e7 Re1 {[%emt 0:00:00] An entertaining game by Ozen.   Weighted Error Value: White=0.49/Black=0.85} 1-0

[Event "Turkish-ch Youth U18 Boys 2024"]
[Site "Belek Antalya"]
[Date "2024.01.22"]
[Round "2"]
[White "Erdogan, Tekin Alp"]
[Black "Malgac, Omer Beyazit"]
[Result "1-0"]
[ECO "D00"]
[WhiteElo "1992"]
[BlackElo "1595"]
[Annotator "TA"]
[PlyCount "133"]
[EventDate "2024.01.21"]
[EventType "swiss"]
[EventCountry "TUR"]
[SourceTitle "playchess.com"]
[Source "ChessBase"]
[SourceQuality "1"]
[TimeControl "5400+30"]

1. d4 Nf6 2. Nf3 g6 3. Nc3 d5 4. Bf4 Nh5 5. Be5 f6 6. Bg3 {[%emt 0:00:30] D00: 1 d4 d5: Unusual lines.} Bh6 7. e4 {[%emt 0:04:30] [#]} c6 $146 ({Predecessor:} 7... e6 8. e5 c5 9. exf6 cxd4 10. f7+ Kxf7 11. Nxd4 Nxg3 12. hxg3 Bg7 13. Qd2 Nc6 {½-½ Bondarenko,V (2315)-Kritz,L Moscow op2 1995 (3)}) 8. Be2 {[%emt 0:04:30] The position is equal.} O-O 9. Nd2 Nf4 10. Bxf4 Bxf4 11. exd5 cxd5 12. Bf3 e6 13. O-O (13. Ne2 $5 Bh6 14. c4 $11) 13... Nd7 14. g3 Bb8 15. Nb3 a6 (15... f5 $11 {should be considered.}) 16. a4 f5 17. Bg2 Nf6 18. Qe2 b6 19. Nd2 g5 20. Nc4 Ra7 21. Ne5 Bxe5 22. Qxe5 Rg7 23. f3 h5 24. Ne2 h4 25. Kf2 (25. gxh4 $1 $11 {keeps the balance.} Nh5 26. Kh1) 25... hxg3+ (25... Ne8 $17) 26. hxg3 $11 Re8 27. Rh1 Nd7 28. Qd6 Qe7 29. Qxe7 (29. Qc6 {is interesting.} Nf6 30. Qxb6 e5 31. Rh6) 29... Rexe7 30. Ra3 Nf6 31. Rb3 Rc7 32. c3 Rc6 33. Nc1 a5 34. Nd3 Nd7 35. Re1 (35. Bf1 $1 $14) 35... Ba6 36. Bf1 Bc4 $36 {[%emt 0:01:36][%mdl 2048] White is under pressure.} 37. Ra3 g4 38. Nf4 Bxf1 39. Rxf1 gxf3 40. Kxf3 Nf6 41. Rh1 Ne4 42. Ne2 Rcc7 43. Rh4 Rh7 44. Rxh7 Rxh7 {[%emt 0:01:55][%mdl 4096] Endgame KRN-KRN} 45. Kg2 $1 {[%emt 0:00:03] Prevents Rh1.} Nd6 46. Nf4 Kf7 47. Rb3 Nc8 48. Rb5 Ke7 49. c4 dxc4 50. Re5 Rh6 51. d5 Kd6 52. Rxe6+ Rxe6 53. dxe6 {[%emt 0:00:10] KN-KN} Kc5 54. Kf3 Ne7 55. Ke3 c3 56. bxc3 Kc4 57. Ne2 Nd5+ (57... b5 $11 {deserves consideration.}) 58. Kd2 $1 $14 Kb3 $2 {[%emt 0:00:30][%mdl 8192] [#] This costs Black the game.} (58... Ne7 $14) 59. Nd4+ $18 Kxa4 60. Nxf5 Kb3 61. e7 Nf6 {[%emt 0:00:47] [#]} 62. g4 $1 {[%emt 0:00:14][%mdl 512] White mates.} a4 (62... b5 63. Nd6) 63. g5 Ne8 64. g6 Kb2 65. g7 a3 66. g8=Q a2 67. Qxe8 {[%emt 0:00:00] Weighted Error Value: White=0.09 (flawless) /Black=0.11 (very precise)} 1-0

[Event "Turkish-ch Youth U18 Boys 2024"]
[Site "Belek Antalya"]
[Date "2024.01.22"]
[Round "2"]
[White "Ozcan, Alp Orcun"]
[Black "Sahbaz, Bartu"]
[Result "1-0"]
[ECO "B01"]
[WhiteElo "1657"]
[BlackElo "1418"]
[Annotator "NA RC COMBH"]
[PlyCount "109"]
[EventDate "2024.01.21"]
[EventType "swiss"]
[EventCountry "TUR"]
[SourceTitle "playchess.com"]
[Source "ChessBase"]
[SourceQuality "1"]
[TimeControl "5400+30"]

1. e4 d5 2. exd5 Qxd5 3. Nc3 Qd8 4. d4 Bf5 5. Nf3 Nf6 6. Bc4 e6 7. O-O c6 8. Re1 Be7 9. h3 Nbd7 10. Bb3 O-O 11. Qe2 Re8 12. Ne5 Nd5 13. Ne4 f6 14. Nd3 Kh8 15. c4 Nc7 16. g4 Bg6 17. Nf4 Nf8 18. Nxg6+ Nxg6 19. Rd1 f5 20. Ng3 Bd6 21. Bc2 Qh4 22. Kg2 Bf4 23. Qf3 Bxc1 24. Raxc1 Rf8 25. Rh1 Qg5 26. Qe3 f4 27. Ne4 Nh4+ 28. Kh2 fxe3 29. Nxg5 Rxf2+ 30. Kg3 Ng6 31. Ne4 Rf7 32. Rhe1 Rd7 33. Rcd1 Rad8 34. Ng5 Kg8 35. Rxe3 Nf8 36. Red3 Ng6 37. h4 h6 38. Ne4 Rf7 39. Re3 e5 40. h5 Nf4 41. dxe5 Rdf8 42. Nd6 Rd7 43. Bf5 Nfe6 44. Ra3 a6 45. Rb3 b5 46. cxb5 axb5 47. Rc3 c5 48. Rdc1 Re7 49. Kh2 c4 50. Rf1 Ng5 51. Re3 Nd5 52. Re2 Rd8 53. Nxb5 Nf7 54. Nd4 Kh8 55. Nc6 1-0

[Event "Turkish-ch Youth U18 Boys 2024"]
[Site "Belek Antalya"]
[Date "2024.01.22"]
[Round "2"]
[White "Giray, Arda"]
[Black "Anacak, Hasan Gunes"]
[Result "1/2-1/2"]
[ECO "B72"]
[WhiteElo "1323"]
[BlackElo "2102"]
[Annotator "TA"]
[PlyCount "166"]
[EventDate "2024.01.21"]
[EventType "swiss"]
[EventCountry "TUR"]
[SourceTitle "playchess.com"]
[Source "ChessBase"]
[SourceQuality "1"]
[TimeControl "5400+30"]

1. e4 c5 2. Nf3 Nc6 3. d4 cxd4 4. Nxd4 g6 5. Nc3 Bg7 6. Be3 Nf6 7. Bc4 O-O 8. O-O d6 9. h3 Bd7 10. Bb3 a6 11. Qd2 {[%emt 0:25:30] B72: Sicilian Dragon: 6 Be3, lines with h3+Bc4 and sidelines.} b5 12. f3 Na5 13. Nd5 {[%emt 0:04:30] [#]} Nxd5 $146 ({Predecessor:} 13... Rc8 14. c3 Rb8 15. Rab1 Qc8 16. Kh2 Nxd5 17. Bxd5 Qc7 18. Bh6 Bh8 19. g3 Nc4 20. Bxc4 Qxc4 {0-1 Rusjan,D (2060)-Milenkovic,M (2379) Nova Gorica op-A 19th 2014 (2)}) 14. exd5 Rc8 15. c3 Nc4 16. Bxc4 Rxc4 17. a3 e5 (17... a5 $11 {might be stronger.}) 18. dxe6 $14 fxe6 19. f4 (19. Nc2 $14) 19... Qc7 20. Rad1 Bc8 21. Nf3 Rd8 22. Bd4 e5 $2 {[%emt 0:10:03] [#]} (22... Bb7 $14) 23. Bxe5 $1 $18 {[%emt 0:01:27][%mdl 576] Pin} Bb7 (23... Qa7+ $142 24. Kh2 Qb7) (23... h6 24. Qd5+) 24. Bxg7 ({Less strong is} 24. Bxd6 Qb6+ 25. Kh1 Bf8 $14) 24... Qxg7 25. Nd4 {[%emt 0:00:20] Ne6 would be deadly.} Re8 {[%emt 0:03:13] Prevents Ne6.} 26. f5 Be4 27. Qg5 (27. Rde1 $142) 27... gxf5 28. Qxg7+ Kxg7 29. Nxf5+ Bxf5 30. Rxf5 {[%emt 0:00:30][%mdl 4096] Endgame KRR-KRR} Re2 31. Rf2 Rxf2 (31... Re6 $142 32. Rd3 Rc7 33. Rg3+ Rg6) 32. Kxf2 {[%emt 0:00:30] KR-KR} Rc6 33. Kf3 Kf6 34. Rd4 Ke5 35. a4 (35. Re4+ $18 Kd5 36. Re7) 35... bxa4 $16 36. Rxa4 Rb6 37. Re4+ Kd5 (37... Kf6 $16) 38. Rd4+ ({White should play} 38. Re2 $1 $18) 38... Kc5 $2 (38... Ke6 $16 {was necessary.}) 39. b4+ $18 Kc6 40. Rh4 Rb7 41. Rh6 Kd5 42. Ke3 Kc4 (42... Rg7 $142 43. g4 Rf7) 43. Rxd6 Kxc3 (43... Ra7 $142 44. Rc6+ Kb5 45. Rc5+ Kb6) 44. Rxa6 Kxb4 45. Re6 Kc5 46. Kf4 Kd5 47. Re8 $2 (47. Re5+ $18 Kd6 48. g4) 47... Rf7+ $1 $11 48. Kg3 {[%emt 0:00:38] Hoping for Kh4.} Rg7+ 49. Kh2 Kd6 (49... h5 $1 $14) 50. h4 Kd7 51. Re4 h5 $2 (51... Kd6 $16) 52. Re5 Rh7 53. Kg3 Kd6 {[%emt 0:00:06] [#]} 54. Re8 $2 (54. Kf4 $1 $18 Rh8 55. Kf5) 54... Kd7 55. Rg8 {[%emt 0:00:24] Wards off Rg7+} Ke7 56. Kf4 {[%emt 0:00:26] Black must now prevent Kf5.} Kf6 {[%emt 0:00:41] [#]} 57. Rf8+ $2 (57. g3 $1 $18) 57... Kg6 {[%emt 0:00:30] The position is equal.} 58. Rb8 {[%emt 0:01:31] White threatens Rb6+ and mate.} Rf7+ 59. Kg3 Rf6 60. Rb5 Kh6 61. Rb4 Kg6 62. Rf4 {[%emt 0:00:49] Threatening mate with Rxf6+.} Ra6 63. Re4 Rf6 64. Re3 Kh6 65. Rf3 Ra6 66. Kh3 $1 Kg6 67. Rg3+ Kh6 68. Rg5 Rf6 69. g3 Rf2 70. Re5 Rf6 71. Kg2 Kg6 72. Rg5+ Kh6 73. Kg1 Rf3 74. Kg2 Rf6 75. Rc5 $1 Kg6 76. Rd5 Kh6 77. Rg5 Rf8 78. Ra5 Rf6 79. Re5 Kg6 80. Re4 Kh6 81. Rf4 Ra6 82. Rf3 Ra2+ 83. Rf2 Ra6 {[%emt 0:00:00] Weighted Error Value: White=0.56/Black=0.33} 1/2-1/2

[Event "Turkish-ch Youth U18 Boys 2024"]
[Site "Belek Antalya"]
[Date "2024.01.22"]
[Round "2"]
[White "Kuru, Berkay Goktug"]
[Black "Aksu, Ata Anil"]
[Result "0-1"]
[ECO "E01"]
[WhiteElo "1280"]
[BlackElo "1728"]
[Annotator "NA RC COMBH"]
[PlyCount "76"]
[EventDate "2024.01.21"]
[EventType "swiss"]
[EventCountry "TUR"]
[SourceTitle "playchess.com"]
[Source "ChessBase"]
[SourceQuality "1"]
[TimeControl "5400+30"]

1. d4 Nf6 2. c4 e6 3. Nf3 d5 4. g3 c6 5. Bg2 Bd6 6. Qc2 Nbd7 7. O-O h6 8. Nbd2 O-O 9. e4 dxe4 10. Nxe4 Nxe4 11. Qxe4 Nf6 12. Qc2 Qc7 13. b3 Rd8 14. Bb2 Be7 15. Rad1 b6 16. Ne5 Bb7 17. c5 Rac8 18. b4 Nd5 19. a3 a5 20. Bxd5 exd5 21. f4 Re8 22. Qf5 Bf6 23. Nd7 Re6 24. Nxb6 Rce8 25. Qb1 axb4 26. axb4 Ba6 27. Rfe1 Be2 28. Rd2 g5 29. Qc2 Bg4 30. Rxe6 Rxe6 31. f5 Re4 32. Kg2 Bxf5 33. Rf2 Rf4 34. Qa4 Bh3+ 35. Kg1 Qe7 36. Qd1 Re4 37. Bc3 Bxd4 38. Bxd4 Re1+ 0-1

[Event "Turkish-ch Youth U18 Boys 2024"]
[Site "Belek Antalya"]
[Date "2024.01.22"]
[Round "2"]
[White "Yildirim, Orhun Ali"]
[Black "Engin, Onur Cinar"]
[Result "0-1"]
[ECO "B15"]
[WhiteElo "1229"]
[BlackElo "2061"]
[Annotator "TA"]
[PlyCount "48"]
[EventDate "2024.01.21"]
[EventType "swiss"]
[EventCountry "TUR"]
[SourceTitle "playchess.com"]
[Source "ChessBase"]
[SourceQuality "1"]
[TimeControl "5400+30"]

1. e4 c6 2. d4 d5 3. Nc3 dxe4 4. Nxe4 Nf6 5. Nxf6+ exf6 6. Nf3 Bd6 7. Bd3 O-O 8. O-O Bg4 9. c3 Re8 (9... Na6 $11) 10. Bd2 (10. h3 $14 Be6 11. Re1) 10... Bc7 11. h3 Bh5 {[%emt 0:00:30] The position is equal.} 12. g4 Bg6 13. Bxg6 hxg6 14. Qc2 Qd5 (14... Nd7 {simplifies} 15. Rfe1 Nf8 16. Rxe8 Qxe8 17. Re1 Qd7) 15. Nh4 (15. Kg2 $11 {keeps the balance.}) 15... g5 $17 {[%emt 0:16:30] Black is more active.} 16. Ng2 (16. c4 $17 {was worth a try.} Qxd4 17. Nf3) 16... Qf3 $40 {[%emt 0:04:30][%cal Oe8e2][%mdl 128] [#] Hoping for ...Re2! Black is out for blood.} 17. Rfe1 (17. Qb3 Qxh3 18. f4) 17... Nd7 18. Qf5 Qxh3 {[%emt 0:00:30] ( -> ...Qh2+)} 19. f4 (19. Qxd7 $2 {gets mated.} Qh2+ 20. Kf1 Qh1#) ({Inferior is} 19. Rxe8+ Rxe8 20. Nf4 (20. Qxd7 $2 Qh2+ 21. Kf1 Qh1#) 20... Bxf4 (20... gxf4 $2 21. Bxf4 Bxf4 22. Qxf4 $19)) 19... Nf8 20. Kf2 gxf4 21. Bxf4 {[%emt 0:03:30] [#]} g6 $1 22. Qxf6 Nh7 {[%emt 0:00:30] Black is clearly winning.} 23. Rh1 (23. Qh4 $142 Qxh4+ 24. Nxh4 Bxf4 25. Rad1) 23... Re2+ (23... Nxf6 $2 24. Rxh3 Bxf4 (24... Nxg4+ 25. Kf3 $17) 25. Nxf4 $19) 24. Kxe2 Qxg2+ {[%emt 0:00:30] White did not feel at home in the position after the opening.   Weighted Error Value: White=1.07/Black=0.39.  Mistake:       	White=5     	---        Inaccurate:     	White=2     	---        OK:         	White=4     	Black=6      Best:        	White=1     	Black=2      Strong:       	---       	Black=1} 0-1

[Event "Turkish-ch Youth U18 Boys 2024"]
[Site "Belek Antalya"]
[Date "2024.01.22"]
[Round "3"]
[White "Anacak, Hasan Gunes"]
[Black "Ermemis, Kadir Efe"]
[Result "1-0"]
[ECO "B23"]
[WhiteElo "2102"]
[BlackElo "1725"]
[Annotator "NA RC"]
[PlyCount "43"]
[EventDate "2024.01.21"]
[EventType "swiss"]
[EventCountry "TUR"]
[SourceTitle "playchess.com"]
[Source "ChessBase"]
[SourceQuality "1"]
[TimeControl "5400+30"]

1. e4 c5 2. Nc3 Nc6 3. Bb5 g6 4. Bxc6 bxc6 5. f4 Bg7 6. Nf3 Nf6 7. d3 d6 8. O-O O-O 9. Qe1 Nd7 10. e5 dxe5 11. f5 f6 12. fxg6 hxg6 13. Qe4 Qe8 14. Qxc6 Rb8 15. Nd5 e6 16. Nc7 Qe7 17. Qxe6+ Qxe6 18. Nxe6 Rf7 19. Nxg7 Kxg7 20. b3 Bb7 21. Bb2 Nf8 22. Nxe5 1-0

[Event "Turkish-ch Youth U18 Boys 2024"]
[Site "Belek Antalya"]
[Date "2024.01.22"]
[Round "3"]
[White "Engin, Onur Cinar"]
[Black "Yildiz, Ali Arda"]
[Result "1-0"]
[ECO "C50"]
[WhiteElo "2061"]
[BlackElo "1148"]
[Annotator "TA"]
[PlyCount "97"]
[EventDate "2024.01.21"]
[EventType "swiss"]
[EventCountry "TUR"]
[SourceTitle "playchess.com"]
[Source "ChessBase"]
[SourceQuality "1"]
[TimeControl "5400+30"]

1. e4 e5 2. Nf3 Nc6 3. Bc4 Be7 4. d4 exd4 5. Nxd4 d6 6. O-O Nf6 7. Nc3 O-O 8. Nxc6 bxc6 9. h3 Be6 10. Bxe6 fxe6 11. Qe2 Qd7 12. e5 {[%emt 0:03:30] White is slightly better.} Nd5 13. Ne4 Nf4 14. Bxf4 Rxf4 15. Rad1 {[%emt 0:03:30] Threatening Nc5.} d5 16. Nd2 c5 17. g3 Rf5 18. h4 Raf8 $1 19. f4 Qa4 20. Nf3 Rb8 21. b3 Qc6 22. c4 {[%emt 0:00:30] Threatens to win with cxd5.} d4 23. Nd2 $36 {[%emt 0:03:30][%mdl 2048] White has some pressure.} Rbf8 24. Qe4 Qe8 (24... Qxe4 $11 {might be stronger.} 25. Nxe4 a5) 25. Rf2 $14 Qg6 26. Rg2 Qg4 ({Black should play} 26... Qe8 $14) 27. Rf1 $16 Bxh4 28. gxh4 Qxh4 {[%emt 0:00:11][%cal Rf5f4] [#]} 29. Qe1 (29. Qc6 $1 $18 {[%cal Rc6e6] has better winning chances.} Rxf4 30. Qxe6+ (30. Qxc7 g6 $11) 30... R8f7 31. Nf3) 29... Qxe1 $2 {[%emt 0:02:23] This move loses the game for Black.} (29... Rxf4 $16 30. Qxh4 Rxh4) 30. Rxe1 $18 Rxf4 31. Ne4 Rd8 32. Nxc5 Kf7 {[%emt 0:00:08] [#]} (32... Re8 33. Re4 Rxe4 34. Nxe4 Rf8) 33. Rxg7+ $3 Kxg7 34. Nxe6+ Kf7 {[%emt 0:00:59] ( -> ...Rg8+)} 35. Nxd8+ {[%emt 0:00:43][%mdl 4096] Endgame. KRN-KR} Ke8 36. Ne6 Rg4+ 37. Kf2 Kd7 38. Nc5+ Ke7 39. Rh1 Rf4+ 40. Ke2 Rg4 41. Rxh7+ {[%emt 0:00:30] White mates.} Kd8 42. Kd3 Rg2 43. e6 a5 44. e7+ Ke8 45. Ne6 Rg3+ 46. Kxd4 c5+ 47. Kxc5 Rg5+ 48. Nxg5 a4 49. Kd6 {[%emt 0:00:30] Weighted Error Value: White=0.16 (very precise) /Black=0.59.  Loses game:     	---       	Black=1      Mistake:       	White=1     	Black=3      Inaccurate:     	White=3     	Black=3      OK:         	White=11    	Black=7      Best:        	White=2     	Black=2      Strong:       	---       	Black=1      Brilliant:      	White=1     	---} 1-0